General information
- name: BNet
- type: Ladder team game (AT/RT)
- host: Battle.net
- saver: Sgt.Malarkey
map: Highperch
- players: 6
- length: 48:16
- speed: Fast
- version: 1.21 W3XP
- replay type: Public
» download(250 KB)
Players
team 1 (loser)
FadeToBlack_ (
red | 31 APM | 1512 actions | 48:10)
4 Paladin
2 Holy Light
2 Devotion Aura
1 Tauren Chieftain
1 Shockwave
» actions
| Assign group hotkey | 16 | |
| Basic commands | 6 | |
| Build / train | 125 | |
| Enter build submenu | 19 | |
| Enter hero's abilities submenu | 5 | |
| Remove unit from queue | 18 | |
| Right click | 998 | |
| Select / deselect | 271 | |
| Select group hotkey | 23 | |
| Use ability | 31 | |
1512 total
» units
| Peasant | 21 | |
| Footman | 16 | |
| Knight | 13 | |
| Mortar Team | 7 | |
| Flying Machine | 10 | |
| Shaman | -3 | |
| Wind Rider | 10 | |
| Troll Batrider | 3 | |
77 total
» upgrades
| Defend | 1 | |
| Lumber Harvesting | 2 | |
| Masonry | 2 | |
| Animal War Training | 1 | |
| Swords | 1 | |
| Plating | 1 | |
| Fragmentation Shards | 1 | |
| Flare | 0 | |
| Flak Cannons | 1 | |
| Gunpowder | 1 | |
| Armor | 3 | |
| Flying Machine Bombs | 1 | |
| Envenomed Spears | 1 | |
| Liquid Fire | 1 | |
17 total
» buildings
| Altar of Kings | 1 | |
| Farm | 11 | |
| Barracks | 1 | |
| Lumber Mill | 1 | |
| Scout Tower | 6 | |
| Guard Tower | 2 | |
| Keep | 1 | |
| Arcane Tower | 2 | |
| Blacksmith | 1 | |
| Castle | 1 | |
| Workshop | 2 | |
| Fortress | 1 | |
| Beastiary | 2 | |
32 total
» build order
00:15 Altar of Kings
00:19 Farm
00:19 Farm
00:47 Barracks
01:36 Lumber Mill
02:03 Farm
02:05 Farm
05:49 Scout Tower
06:17 Guard Tower
06:27 Farm
06:28 Farm
08:24 Scout Tower
08:31 Scout Tower
08:49 Keep
09:22 Arcane Tower
10:09 Farm
11:12 Scout Tower
11:32 Blacksmith
11:49 Guard Tower
12:22 Castle
13:14 Workshop
18:37 Workshop
21:44 Scout Tower
22:02 Scout Tower
22:46 Arcane Tower
27:04 Farm
27:05 Farm
27:09 Farm
27:13 Farm
40:21 Fortress
40:38 Beastiary
40:39 Beastiary
nicky_ (
orange | 43 APM | 2051 actions | 48:06)
5 Death Knight
2 Death Coil
3 Unholy Aura
» actions
| Assign group hotkey | 26 | |
| Basic commands | 119 | |
| Build / train | 64 | |
| Enter build submenu | 24 | |
| Enter hero's abilities submenu | 5 | |
| Remove unit from queue | 4 | |
| Right click | 1129 | |
| Select / deselect | 413 | |
| Select group hotkey | 182 | |
| Use ability | 85 | |
2051 total
» units
| Acolyte | 7 | |
| Ghoul | 5 | |
| Crypt Fiend | 12 | |
| Frost Wyrm | 10 | |
| Meatwagon | 2 | |
36 total
» upgrades
| Web | 1 | |
| Creature Attack | 3 | |
| Creature Carapace | 3 | |
| Burrow | 1 | |
| Freezing Breath | 1 | |
9 total
» buildings
| Altar of Darkness | 1 | |
| Ziggurat | 10 | |
| Crypt | 1 | |
| Graveyard | 1 | |
| Nerubian Tower | 2 | |
| Tomb of Relics | 1 | |
| Spirit Tower | 3 | |
| Halls of the Dead | 1 | |
| Black Citadel | 1 | |
| Sacrificial Pit | 1 | |
| Boneyard | 2 | |
| Slaughterhouse | 1 | |
| Necropolis | 1 | |
26 total
» build order
00:07 Altar of Darkness
00:09 Ziggurat
01:17 Crypt
01:20 Graveyard
01:24 Ziggurat
01:32 Nerubian Tower
02:31 Ziggurat
02:37 Tomb of Relics
04:03 Spirit Tower
05:42 Spirit Tower
06:03 Halls of the Dead
07:14 Ziggurat
08:25 Black Citadel
08:32 Sacrificial Pit
11:08 Boneyard
11:14 Boneyard
11:21 Ziggurat
11:27 Ziggurat
11:35 Ziggurat
14:51 Ziggurat
15:27 Ziggurat
17:52 Spirit Tower
17:53 Nerubian Tower
23:53 Slaughterhouse
27:06 Ziggurat
41:25 Necropolis
» items
| Rod of Necromancy | 1 | |
| Dust of Appearance | 1 | |
2 total
NORematch (
purple | 32 APM | 1039 actions | 32:18)
4 Tauren Chieftain
2 Shockwave
2 Endurance Aura
2 Shadow Hunter
1 Hex
1 Healing Wave
» actions
| Assign group hotkey | 26 | |
| Basic commands | 7 | |
| Build / train | 78 | |
| Enter build submenu | 18 | |
| Enter hero's abilities submenu | 6 | |
| Remove unit from queue | 4 | |
| Right click | 515 | |
| Select / deselect | 283 | |
| Select group hotkey | 36 | |
| Use ability | 66 | |
1039 total
» units
| Peon | 14 | |
| Troll Headhunter/Berserker | 13 | |
| Demolisher | 9 | |
| Shaman | 10 | |
46 total
» upgrades
| Ranged Weapons | 3 | |
| Spiked Barricades | 1 | |
| Shaman Training | 2 | |
| Burning Oil | 1 | |
| Armor | 1 | |
8 total
» buildings
| Altar of Storms | 1 | |
| Orc Burrow | 6 | |
| War Mill | 1 | |
| Barracks | 1 | |
| Stronghold | 2 | |
| Watch Tower | 4 | |
| Fortress | 1 | |
| Spirit Lodge | 1 | |
| Voodoo Lounge | 1 | |
| Great Hall | 2 | |
20 total
» build order
00:13 Altar of Storms
00:17 Orc Burrow
00:51 War Mill
01:27 Barracks
02:00 Orc Burrow
03:49 Stronghold
05:51 Watch Tower
05:54 Watch Tower
05:57 Watch Tower
06:05 Orc Burrow
07:03 Fortress
07:10 Spirit Lodge
07:47 Voodoo Lounge
10:55 Orc Burrow
10:56 Orc Burrow
14:15 Orc Burrow
22:38 Great Hall
27:01 Great Hall
27:39 Stronghold
30:15 Watch Tower
» items
| Healing Salve | 3 | |
| Scroll of Speed | 1 | |
| Potion of Healing | 3 | |
| Orb of Lightning | 1 | |
| Scroll of Town Portal | 1 | |
9 total
team 2 (winner)
fineX. (
teal | 64 APM | 3102 actions | 48:11)
8 Blademaster
3 Wind Walk
3 Critical Strike
1 Bladestorm
1 Mirror Image
» actions
| Assign group hotkey | 103 | |
| Basic commands | 30 | |
| Build / train | 73 | |
| Enter build submenu | 48 | |
| Enter hero's abilities submenu | 9 | |
| Give item / drop item | 2 | |
| Right click | 1759 | |
| Select / deselect | 325 | |
| Select group hotkey | 506 | |
| Use ability | 247 | |
3102 total
» units
» upgrades
| Liquid Fire | 1 | |
| Ranged Weapons | 3 | |
| Reinforced Defenses | 1 | |
| Armor | 3 | |
8 total
» buildings
| Altar of Storms | 1 | |
| Orc Burrow | 9 | |
| War Mill | 1 | |
| Watch Tower | 33 | |
| Voodoo Lounge | 2 | |
| Stronghold | 1 | |
| Beastiary | 2 | |
| Fortress | 1 | |
50 total
» build order
00:09 Altar of Storms
00:11 Orc Burrow
00:39 War Mill
02:03 Watch Tower
02:04 Watch Tower
02:22 Watch Tower
03:09 Watch Tower
03:10 Watch Tower
03:45 Orc Burrow
03:51 Watch Tower
04:19 Watch Tower
04:20 Watch Tower
04:28 Watch Tower
04:43 Voodoo Lounge
05:00 Voodoo Lounge
05:05 Watch Tower
05:26 Watch Tower
05:29 Watch Tower
05:34 Watch Tower
05:39 Watch Tower
06:20 Watch Tower
06:32 Watch Tower
06:35 Watch Tower
06:39 Watch Tower
06:51 Watch Tower
06:58 Stronghold
07:35 Watch Tower
07:36 Watch Tower
08:12 Watch Tower
08:51 Watch Tower
09:05 Watch Tower
09:23 Watch Tower
10:00 Watch Tower
10:50 Watch Tower
10:52 Watch Tower
11:04 Watch Tower
11:07 Beastiary
11:08 Fortress
11:48 Watch Tower
11:58 Watch Tower
12:32 Watch Tower
13:28 Watch Tower
14:09 Beastiary
15:16 Orc Burrow
15:21 Orc Burrow
15:50 Orc Burrow
15:52 Orc Burrow
17:14 Orc Burrow
18:29 Orc Burrow
18:34 Orc Burrow
» items
| Lesser Clarity Potion | 2 | |
| Staff of Teleportation | 1 | |
| Boots of Speed | 1 | |
| Healing Salve | 1 | |
| Orb of Lightning | 1 | |
| Potion of Healing | 4 | |
| Potion of Mana | 1 | |
| Scroll of Town Portal | 1 | |
12 total
PistophChrstoph (
yellow | 36 APM | 1715 actions | 48:11)
5 Archmage
3 Blizzard
2 Brilliance Aura
5 Blood Mage
3 Flame Strike
2 Siphon Mana
» actions
| Assign group hotkey | 27 | |
| Basic commands | 227 | |
| Build / train | 107 | |
| ESC pressed | 2 | |
| Enter build submenu | 33 | |
| Enter hero's abilities submenu | 11 | |
| Give item / drop item | 2 | |
| Right click | 374 | |
| Select / deselect | 459 | |
| Select group hotkey | 197 | |
| Use ability | 276 | |
1715 total
» units
| Peasant | 11 | |
| Mortar Team | 18 | |
| Sorceress | 3 | |
32 total
» upgrades
| Lumber Harvesting | 2 | |
| Magic Sentry | 1 | |
| Sorceress Training | 2 | |
| Gunpowder | 3 | |
| Fragmentation Shards | 1 | |
| Flare | 1 | |
| Armor | 3 | |
| Masonry | 3 | |
| Backpack | 1 | |
17 total
» buildings
| Farm | 14 | |
| Altar of Kings | 1 | |
| Lumber Mill | 1 | |
| Scout Tower | 54 | |
| Guard Tower | 27 | |
| Keep | 1 | |
| Arcane Vault | 1 | |
| Blacksmith | 1 | |
| Castle | 1 | |
| Arcane Sanctum | 1 | |
| Workshop | 2 | |
104 total
» build order
00:15 Farm
00:21 Altar of Kings
00:27 Farm
01:05 Lumber Mill
02:08 Scout Tower
02:14 Scout Tower
02:39 Guard Tower
02:41 Scout Tower
02:43 Scout Tower
02:44 Scout Tower
02:47 Scout Tower
02:48 Scout Tower
02:49 Scout Tower
02:50 Scout Tower
02:53 Scout Tower
02:57 Guard Tower
03:28 Guard Tower
03:37 Keep
03:41 Arcane Vault
03:54 Guard Tower
04:03 Guard Tower
04:06 Scout Tower
04:07 Scout Tower
04:08 Scout Tower
04:10 Guard Tower
04:44 Guard Tower
04:48 Scout Tower
04:49 Scout Tower
04:51 Scout Tower
05:03 Farm
05:06 Scout Tower
05:08 Scout Tower
05:10 Scout Tower
05:11 Scout Tower
05:18 Guard Tower
05:30 Guard Tower
05:48 Blacksmith
05:54 Guard Tower
06:05 Scout Tower
06:06 Scout Tower
06:12 Guard Tower
06:13 Castle
06:19 Guard Tower
06:31 Scout Tower
06:32 Scout Tower
06:32 Scout Tower
06:33 Scout Tower
06:48 Guard Tower
06:54 Arcane Sanctum
07:07 Guard Tower
07:08 Scout Tower
07:09 Scout Tower
07:39 Guard Tower
07:51 Guard Tower
08:17 Scout Tower
08:18 Scout Tower
08:19 Scout Tower
08:21 Guard Tower
08:24 Scout Tower
08:26 Scout Tower
09:01 Workshop
09:13 Workshop
09:31 Guard Tower
10:58 Guard Tower
11:03 Scout Tower
11:46 Guard Tower
11:48 Scout Tower
11:49 Scout Tower
11:51 Scout Tower
11:53 Scout Tower
11:54 Scout Tower
11:55 Scout Tower
11:56 Scout Tower
11:57 Scout Tower
12:15 Farm
12:17 Farm
12:21 Farm
12:22 Farm
12:42 Guard Tower
13:44 Guard Tower
14:34 Guard Tower
15:29 Guard Tower
15:33 Scout Tower
15:34 Scout Tower
15:35 Scout Tower
15:36 Scout Tower
15:37 Scout Tower
15:38 Scout Tower
17:08 Guard Tower
17:33 Guard Tower
17:41 Scout Tower
17:41 Scout Tower
17:42 Scout Tower
17:43 Scout Tower
17:43 Scout Tower
17:44 Scout Tower
18:07 Farm
18:08 Farm
18:09 Farm
18:11 Farm
18:12 Farm
19:30 Farm
19:31 Farm
20:36 Guard Tower
» items
| Scroll of Town Portal | 7 | |
| Periapt of Vitality | 1 | |
| Potion of Healing | 4 | |
| Scroll of Regeneration | 5 | |
17 total
Sgt.Malarkey (
blue | 81 APM | 3894 actions | 48:16)
6 Warden
3 Shadow Strike
3 Blink
» actions
| Assign group hotkey | 734 | |
| Basic commands | 12 | |
| Build / train | 70 | |
| ESC pressed | 1 | |
| Enter build submenu | 16 | |
| Enter hero's abilities submenu | 6 | |
| Remove unit from queue | 4 | |
| Right click | 1973 | |
| Select / deselect | 262 | |
| Select group hotkey | 662 | |
| Use ability | 154 | |
3894 total
» units
| Wisp | 29 | |
| Druid of the Talon | 11 | |
40 total
» upgrades
| Druid of the Talon Training | 2 | |
| Strength of the Wild | 3 | |
| Reinforced Hides | 3 | |
| Mark of the Talon | 1 | |
9 total
» buildings
| Altar of Elders | 1 | |
| Moon Well | 6 | |
| Tree of Ages | 1 | |
| Hunter's Hall | 1 | |
| Ancient of Wind | 3 | |
| Tree of Eternity | 1 | |
| Tree of Life | 4 | |
17 total
» build order
00:20 Altar of Elders
00:25 Moon Well
02:21 Moon Well
03:56 Tree of Ages
04:49 Moon Well
04:50 Moon Well
05:51 Hunter's Hall
06:40 Ancient of Wind
06:54 Moon Well
07:54 Tree of Eternity
08:09 Ancient of Wind
08:55 Tree of Life
10:39 Tree of Life
20:01 Tree of Life
22:09 Ancient of Wind
22:12 Moon Well
25:50 Tree of Life
» items
| Healing Salve | 2 | |
| Lesser Clarity Potion | 1 | |
| Tiny Great Hall | 1 | |
| Staff of Teleportation | 1 | |
| Boots of Speed | 1 | |
| Periapt of Vitality | 1 | |
| Potion of Lesser Invulnerability | 1 | |
8 total
Chat log
(00:04 / Allies) PistophChrstoph: fyi
(00:05 / Allies) fineX.: i know how to play
(00:05 / Allies) PistophChrstoph: you feed
(00:12 / Allies) PistophChrstoph: k
(00:12 / Allies) Sgt.Malarkey: i feed
(00:17 / Allies) fineX.: he feed
(00:30 / Allies) Sgt.Malarkey: i got warden
(00:33 / Allies) fineX.: k
(00:34 / Allies) PistophChrstoph: am
(00:36 / All) PistophChrstoph: what the christ
(00:37 / All) PistophChrstoph: stop
(00:40 / Allies) Sgt.Malarkey: shit red is gonna drop :)
(00:44 / Allies) Sgt.Malarkey: i mean :(
(01:13 / Allies) PistophChrstoph: i got that side then
(01:33 / Allies) Sgt.Malarkey: start it up
(01:37 / Allies) fineX.: wood is my main concern
(01:41 / Allies) PistophChrstoph: same
(01:45 / Allies) fineX.: played an epic 3 hour friends yesterday
(01:47 / Allies) Sgt.Malarkey: k I'll woodcraft a little
(01:48 / Allies) PistophChrstoph: hahaha
(01:53 / Allies) Sgt.Malarkey: replay post
(01:56 / Allies) PistophChrstoph: go harass to keep them busy
(01:57 / Allies) PistophChrstoph: fyi
(01:59 / Allies) fineX.: i lose
(02:07 / Allies) fineX.: lost
(02:13 / Allies) fineX.: not postin
(02:20 / Allies) fineX.: all the mines were out
(02:28 / Allies) PistophChrstoph: ill go
(02:35 / Allies) fineX.: woops
(02:36 / Allies) PistophChrstoph: ok mid
(02:51 / Allies) fineX.: memorable quotes
(02:56 / Allies) fineX.: "noone plays with honor"
(03:04 / Allies) PistophChrstoph: gt the paly
(03:17 / Allies) PistophChrstoph: pick those off
(03:19 / Allies) Sgt.Malarkey: out!
(03:22 / Allies) PistophChrstoph: hahaha
(03:31 / Allies) PistophChrstoph: thgat was worth it
(03:33 / Allies) fineX.: PROTIP USE HEAL
(03:48 / Allies) PistophChrstoph: pro tip we can win just with morts
(04:01 / Allies) PistophChrstoph: need more towers
(04:16 / Allies) PistophChrstoph: no
(04:17 / Allies) PistophChrstoph: wrong way
(04:17 / Allies) PistophChrstoph: dude
(04:21 / Allies) PistophChrstoph: come my side
(04:23 / Allies) PistophChrstoph: its stronger
(04:30 / Allies) PistophChrstoph: that side
(04:41 / Allies) Sgt.Malarkey: i was just trying to dance them away from towers
(04:58 / Allies) PistophChrstoph: lets go back
(05:07 / Allies) fineX.: i needa heal
(05:13 / Allies) fineX.: go on without me
(05:15 / Allies) PistophChrstoph: hahha
(05:21 / Allies) Sgt.Malarkey: lol
(05:23 / Allies) Sgt.Malarkey: ...
(05:25 / Allies) Sgt.Malarkey: crhist
(05:27 / Allies) PistophChrstoph: tower your base
(05:27 / Allies) PistophChrstoph: also
(05:28 / Allies) Sgt.Malarkey: nm
(05:36 / Allies) PistophChrstoph: just incase they fly in
(05:38 / Allies) PistophChrstoph: from behind
(06:21 / Allies) PistophChrstoph: lol
(06:23 / Allies) fineX.: share
(06:24 / Allies) PistophChrstoph: my sound just cut out
(06:24 / Allies) PistophChrstoph: lol
(06:41 / Allies) PistophChrstoph: hahaha
(06:42 / Allies) fineX.: i dont use in game sound
(07:00 / Allies) PistophChrstoph: will have morts soon
(07:04 / Allies) PistophChrstoph: go back
(07:11 / Allies) Sgt.Malarkey: red is terrible
(07:19 / Allies) Sgt.Malarkey: lol are we not gonna perch?
(07:19 / Allies) PistophChrstoph: bliz again
(07:23 / Allies) fineX.: SWEET
(07:43 / Allies) fineX.: got myself 2 hhs
(07:45 / Allies) PistophChrstoph: god damn
(08:01 / Allies) PistophChrstoph: yea wait up
(08:02 / Allies) Sgt.Malarkey: we got to expo now
(08:07 / Allies) PistophChrstoph: yes i agree
(08:11 / Allies) PistophChrstoph: blue you take them
(08:13 / Allies) PistophChrstoph: and feed
(08:29 / Allies) PistophChrstoph: the block
(08:45 / Allies) Sgt.Malarkey: more
(08:59 / Allies) fineX.: need wood
(09:07 / Allies) PistophChrstoph: need resources
(09:08 / Allies) PistophChrstoph: plz
(09:46 / Allies) fineX.: i did a perch the other day when we didnt get up until after everything was gone
(09:47 / Allies) fineX.: it sucked
(09:49 / Allies) fineX.: also im laging
(10:08 / Allies) PistophChrstoph: upgrade defence
(10:09 / Allies) PistophChrstoph: also
(10:20 / Allies) fineX.: nice
(10:56 / Allies) fineX.: worth it
(12:34 / Allies) PistophChrstoph: go harass teal
(12:40 / Allies) fineX.: waiting on mana
(12:49 / Allies) Sgt.Malarkey: use wells
(12:50 / Allies) PistophChrstoph: wells
(12:51 / Allies) fineX.: well pls
(13:20 / Allies) PistophChrstoph: lol
(13:36 / Allies) fineX.: his feedback towers
(13:38 / Allies) fineX.: so bad place
(13:52 / Allies) Sgt.Malarkey: k its perchin time
(13:52 / Allies) PistophChrstoph: lol
(14:02 / Allies) PistophChrstoph: i dont even think we have to
(14:04 / Allies) PistophChrstoph: they suck
(14:11 / Allies) Sgt.Malarkey: I want to perch god damnit
(14:13 / Allies) fineX.: lots of wood
(14:23 / Allies) PistophChrstoph: oh i know
(14:25 / Allies) PistophChrstoph: but im just saying
(15:04 / All) NORematch: LOL
(15:11 / All) fineX.: manners...
(15:37 / Allies) fineX.: lol
(15:39 / Allies) PistophChrstoph: coming
(15:52 / Allies) PistophChrstoph: morts
(15:53 / Allies) PistophChrstoph: lol
(16:02 / All) fineX.: nO MY TOWERS
(16:22 / Allies) fineX.: lol
(16:39 / Allies) PistophChrstoph: hahhaa
(16:43 / Allies) PistophChrstoph: feed
(16:44 / Allies) fineX.: have they even checked
(16:44 / Allies) fineX.: the other side
(16:50 / Allies) PistophChrstoph: my insaitable hunge
(17:11 / Allies) PistophChrstoph: this is hillarious
(17:13 / Allies) PistophChrstoph: told you thy sucked ass
(17:25 / Allies) PistophChrstoph: k
(17:27 / Allies) PistophChrstoph: almost ready
(17:38 / Allies) PistophChrstoph: send a repairman
(17:57 / Allies) fineX.: im saving up wood
(18:21 / Allies) fineX.: my mines about to give out
(18:25 / Allies) fineX.: going 100 food bats!!
(18:26 / Allies) PistophChrstoph: oh snap
(18:33 / Allies) PistophChrstoph: when it falls though right?
(18:37 / Allies) fineX.: yeah
(18:39 / Allies) fineX.: obv.
(19:08 / Allies) PistophChrstoph: its cool we got 18k
(19:08 / Allies) PistophChrstoph: =D
(19:17 / Allies) PistophChrstoph: ok
(19:19 / Allies) PistophChrstoph: stop sending
(19:21 / Allies) PistophChrstoph: im in upkeep
(19:22 / Allies) PistophChrstoph: for now
(19:45 / Allies) PistophChrstoph: here we go
(19:59 / Allies) fineX.: sneding bats
(20:01 / Allies) PistophChrstoph: i will end orcs days
(20:09 / Allies) PistophChrstoph: no get ud
(20:10 / Allies) PistophChrstoph: plz
(20:12 / Allies) PistophChrstoph: ill get purp
(20:14 / Allies) PistophChrstoph: no worries
(20:37 / Allies) fineX.: does he know what a burrow does
(20:54 / Allies) PistophChrstoph: go
(20:57 / Allies) PistophChrstoph: ill get purp
(20:59 / Allies) PistophChrstoph: leave it
(21:01 / Allies) fineX.: i killed all his wood ones
(21:32 / Allies) Sgt.Malarkey: i fucked up
(21:32 / Allies) PistophChrstoph: lol
(21:37 / Allies) PistophChrstoph: i didnt
(22:15 / Allies) PistophChrstoph: hahha
(22:15 / Allies) fineX.: lets get that perch started
(22:37 / Allies) PistophChrstoph: shiat
(22:38 / Allies) fineX.: lol
(22:41 / Allies) Sgt.Malarkey: lol
(22:59 / Allies) PistophChrstoph: well i need some gold
(23:02 / Allies) fineX.: tryin other side
(23:03 / Allies) fineX.: finally
(23:26 / Allies) PistophChrstoph: bats?
(23:29 / Allies) PistophChrstoph: wanna kill that?
(23:38 / Allies) Sgt.Malarkey: lol
(23:47 / Allies) PistophChrstoph: can you bat that ill hit with the morts
(23:53 / Allies) PistophChrstoph: go
(23:54 / All) fineX.: i am winning!!!
(24:04 / Allies) PistophChrstoph: hahahha
(24:16 / Allies) PistophChrstoph: go go go
(24:17 / All) fineX.: stop laggingggggggggg
(24:26 / Allies) Sgt.Malarkey: you wanna tower the perch now?
(24:33 / All) Sgt.Malarkey: shit
(24:40 / Allies) fineX.: wrong perch????
(24:44 / Allies) fineX.: that side
(24:48 / Allies) fineX.: is winner
(24:54 / Allies) PistophChrstoph: ahhaha
(24:58 / Allies) PistophChrstoph: its down
(25:01 / Allies) Sgt.Malarkey: they're the same aren't they?
(25:08 / Allies) Sgt.Malarkey: well I fail then
(25:09 / Allies) PistophChrstoph: doesnt matter
(25:11 / Allies) PistophChrstoph: we won
(25:12 / Allies) Sgt.Malarkey: I fail hard
(25:13 / Allies) PistophChrstoph: give me gold plz
(25:16 / Allies) PistophChrstoph: wait
(25:20 / Allies) PistophChrstoph: lemme kill these
(25:24 / Allies) PistophChrstoph: i have too many peasants
(25:25 / All) fineX.: stop stop stop stop stop
(25:35 / Allies) PistophChrstoph: hahhaa
(25:43 / Allies) PistophChrstoph: ok
(25:45 / Allies) PistophChrstoph: now
(25:49 / Allies) PistophChrstoph: send me gold
(25:53 / Allies) Sgt.Malarkey: lol
(26:08 / Allies) PistophChrstoph: thats it you cheap fuck?
(26:09 / Allies) PistophChrstoph: lol
(26:25 / Allies) PistophChrstoph: more
(27:16 / Allies) PistophChrstoph: wreckin crew comin threw
(27:22 / Allies) PistophChrstoph: teehee
(27:29 / Allies) fineX.: wassup
(27:38 / Allies) PistophChrstoph: just go keep them busy
(27:48 / Allies) fineX.: red built arcane towers just for me
(27:52 / Allies) fineX.: too bad no magic sentry..
(27:53 / Allies) PistophChrstoph: hahhaa
(28:00 / Allies) PistophChrstoph: oh snap
(28:07 / Allies) fineX.: or range, for that matter
(28:25 / Allies) PistophChrstoph: haha
(28:26 / Allies) PistophChrstoph: down
(28:39 / Allies) fineX.: out now
(28:39 / Allies) fineX.: out
(28:45 / Allies) PistophChrstoph: why?
(29:07 / Allies) PistophChrstoph: that was awesome
(29:23 / Allies) fineX.: im so sneaky
(29:26 / Allies) PistophChrstoph: haha
(29:28 / Allies) PistophChrstoph: yes you are
(29:29 / Allies) PistophChrstoph: so am i
(29:30 / Allies) fineX.: some ninja shit going on
(30:06 / Allies) fineX.: we gonna perch
(30:06 / Allies) fineX.: or wut
(30:09 / Allies) PistophChrstoph: gold me
(30:13 / Allies) Sgt.Malarkey: you want me to perch other side?
(30:50 / Allies) fineX.: they dont know how to flare
(31:09 / Allies) PistophChrstoph: RED IS NEXT
(31:28 / Allies) PistophChrstoph: go clean up oj
(31:31 / Allies) PistophChrstoph: with bats
(31:40 / All) NORematch: didnt think so..
(31:43 / Allies) fineX.: theyre killing each other
(31:54 / All) NORematch: wow oj dodging a solo
(31:59 / All) fineX.: dodger
(32:09 / Allies) PistophChrstoph: no magic sentry
(32:09 / All) NORematch: what a homo
(32:11 / All) NORematch: gg
(32:12 / Allies) PistophChrstoph: is hillarious
(32:21 / Allies) fineX.: lol
(32:23 / All) fineX.: gg no re
(32:24 / All) Sgt.Malarkey: no!
(32:26 / All) Sgt.Malarkey: stay
(32:29 / All) nicky_: he was dumb
(32:30 / All) nicky_: i didnt intend to
(32:36 / All) Sgt.Malarkey: but you're staying, right?
(32:38 / Allies) fineX.: hello
(32:43 / All) nicky_: of course
(32:49 / All) Sgt.Malarkey: thanks
(33:04 / Allies) fineX.: laggin like a bitch :<
(33:09 / Allies) fineX.: 92 food bats
(33:13 / Allies) PistophChrstoph: hahahhahahaa
(33:23 / Allies) fineX.: genociding peons now
(33:35 / Allies) fineX.: excuz me chrs
(33:39 / Allies) fineX.: could u send a shooting squad
(33:51 / Allies) PistophChrstoph: laffo
(34:09 / Allies) PistophChrstoph: i love this when it works this well
(34:23 / Allies) PistophChrstoph: resources
(34:25 / Allies) PistophChrstoph: plz
(34:28 / All) nicky_: :)
(34:31 / Allies) PistophChrstoph: gold meh
(34:33 / Allies) fineX.: to kill my shit
(34:41 / Allies) fineX.: or a mort
(34:44 / Allies) PistophChrstoph: hahaha
(34:49 / Allies) PistophChrstoph: bat that
(34:53 / Allies) PistophChrstoph: that a good way to use it
(34:55 / Allies) Sgt.Malarkey: no dont bat it
(34:58 / Allies) Sgt.Malarkey: i got it
(35:06 / Allies) PistophChrstoph: send all your bats to red
(35:16 / Allies) PistophChrstoph: he has no main there
(35:19 / Allies) fineX.: i need to kill peons
(35:21 / Allies) PistophChrstoph: just gyros and shit
(35:28 / Allies) PistophChrstoph: walk them in
(35:35 / All) nicky_: Lol
(35:38 / All) Sgt.Malarkey: nice
(35:45 / All) nicky_: i bet u cant repair most of those towers :)
(35:53 / All) fineX.: we dont CARE!!!
(36:05 / All) fineX.: the towers repair themselves
(36:07 / All) PistophChrstoph: bet you can win!
(36:10 / All) nicky_: Bet i can xD
(36:14 / All) Sgt.Malarkey: stay okay you said you would
(36:25 / All) fineX.: so im kind of noobie
(36:32 / All) fineX.: but u guys seem like pros.. can u gimme some tips?
(36:42 / Allies) PistophChrstoph: send all your bats
(36:44 / Allies) PistophChrstoph: distract
(36:46 / Allies) PistophChrstoph: ill rape this
(36:47 / All) FadeToBlack_: stay in schoool =D
(36:56 / All) FadeToBlack_: bang the blonde one
(37:00 / Allies) fineX.: peon fight night
(37:07 / Allies) PistophChrstoph: suicide
(37:10 / All) FadeToBlack_: and only do drugs if u dont get cought
(38:12 / Allies) PistophChrstoph: hahah
(39:20 / Allies) fineX.: i have 0 peons
(39:21 / Allies) fineX.: and
(39:22 / Allies) PistophChrstoph: hahhaah
(39:26 / Allies) fineX.: many bats
(39:41 / Allies) fineX.: if u have peons ur gay, anyway
(39:46 / Allies) Sgt.Malarkey: bros we outa gold
(39:48 / Allies) fineX.: haha ur gay
(39:54 / Allies) fineX.: i got 2.4k
(40:10 / Allies) fineX.: we got 7k all together
(40:12 / Allies) fineX.: should be enough
(40:21 / Allies) Sgt.Malarkey: yeah I kinda want to jack one of their mines though
(40:29 / Allies) fineX.: theirs are almost out too i think
(40:51 / Allies) fineX.: can we make perch
(41:09 / Allies) Sgt.Malarkey: that's really killable
(41:26 / Allies) PistophChrstoph: we should just win
(41:27 / Allies) fineX.: PERFECT 10
(41:40 / Allies) fineX.: we can if we want to
(41:44 / Allies) fineX.: but perhcing is so much more fun
(41:51 / Allies) PistophChrstoph: but we already fucked it up
(41:52 / Allies) fineX.: red is out of the game
(41:54 / Allies) fineX.: no peons left
(41:55 / Allies) fineX.: and no hall
(43:16 / Allies) fineX.: no mana
(43:25 / Allies) PistophChrstoph: purp has air
(43:32 / Allies) fineX.: really
(43:33 / Allies) fineX.: me too
(43:34 / Allies) fineX.: !
(43:40 / Allies) PistophChrstoph: no i mean suicide
(43:45 / Allies) fineX.: 2 bats can take out 12
(43:50 / Allies) fineX.: depends on micro
(44:14 / Allies) Sgt.Malarkey: no more invis
(44:16 / Allies) PistophChrstoph: yep
(44:17 / Allies) PistophChrstoph: i know
(44:18 / Allies) Sgt.Malarkey: k
(44:18 / Allies) fineX.: so when u bat on bat.. sned out two at a time
(44:40 / Allies) fineX.: zul'maranis going down
(44:51 / All) fineX.: die zul'maran
(44:51 / All) fineX.: die
(44:53 / Allies) PistophChrstoph: i got lvl5
(44:57 / Allies) fineX.: i got lvl 7
(45:05 / Allies) PistophChrstoph: ah
(45:06 / Allies) PistophChrstoph: nearly
(45:39 / Allies) Sgt.Malarkey: care
(45:40 / Allies) fineX.: i got lvl8!
(46:14 / Allies) PistophChrstoph: gold me
(46:21 / Allies) Sgt.Malarkey: i got none
(46:28 / Allies) PistophChrstoph: shit really?
(46:41 / Allies) Sgt.Malarkey: yeah
(46:48 / Allies) Sgt.Malarkey: told you like 10 minutes ago
(46:50 / Allies) fineX.: well ihve
(46:51 / Allies) fineX.: a lot
(46:52 / Allies) fineX.: of bats
(46:54 / Allies) fineX.: a lot a lot
(46:55 / Allies) fineX.: like
(46:59 / Allies) fineX.: enough to take over china
(47:11 / Allies) PistophChrstoph: well i suggest we end this then
(47:44 / Allies) fineX.: let em come
(47:52 / Allies) fineX.: that was their whole armies
(48:08 / Allies) fineX.: and i still got more than 12 bats
(48:10 / All) Sgt.Malarkey: no stay!